 Dungeon Crawl Stone Soup version 0.25.0-46-gbd7b0854d2 (webtiles) character file.

Game seed: 1338401644197153475

204 funkygono the Shield-Bearer (level 5, -5/47 HPs)
             Began as a Minotaur Fighter on July 16, 2020.
             Slain by an ogre
             ... wielding a cursed -2 giant spiked club
              (23 damage)
             ... on level 3 of the Dungeon.
             The game lasted 00:03:47 (2215 turns).

funkygono the Shield-Bearer (Minotaur Fighter)      Turns: 2215, Time: 00:03:47

Health: -5/47      AC: 10    Str: 21 (22) XL:     5   Next: 52%
Magic:  4/4        EV:  6    Int:  5      God:
Gold:   82         SH: 10    Dex:  9      Spells: 4/4 levels left

rFire    . . .     SeeInvis .   a - +1 flail
rCold    . . .     Gourm    .   c - +0 kite shield
rNeg     . . .     Faith    .   s - +0 chain mail
rPois    .         Spirit   .   (helmet restricted)
rElec    .         Reflect  .   (no cloak)
rCorr    .         Harm     .   (no gloves)
MR       .....                  q - +0 pair of boots
Stlth    ..........             (no amulet)
HPRegen  0.15/turn              (no ring)
MPRegen  0.09/turn              (no ring)

@: no status effects
A: retaliatory headbutt, horns 2
a: no special abilities


You were on level 3 of the Dungeon.
You were not hungry.

You visited 1 branch of the dungeon, and saw 3 of its levels.

You collected 82 gold pieces.

Inventory:

Hand Weapons
 a - a +1 flail (weapon)
 j - a +0 hunting sling
Missiles
 m - 42 bolts
 n - 40 sling bullets
 p - 25 stones (quivered)
 u - 27 arrows
Armour
 c - a +0 kite shield (worn)
 q - a +0 pair of boots (worn)
 s - a +0 chain mail (worn)
Scrolls
 b - 4 scrolls of remove curse
 e - 4 scrolls of teleportation
 g - a scroll of fear
 h - 2 scrolls of fog
Potions
 d - a potion of might
 i - 2 potions of heal wounds
 k - a potion of magic {unknown}
 l - 3 potions of flight
 o - a potion of curing {unknown}
Comestibles
 f - 7 rations


   Skills:
 + Level 4.6 Fighting
 + Level 3.9 Maces & Flails
 + Level 4.5 Armour
 + Level 0.4 Dodging
 + Level 0.7 Stealth
 + Level 5.2 Shields


You had 4 spell levels left.
You didn't know any spells.
Your spell library was empty.

Dungeon Overview and Level Annotations

Branches:
Dungeon (3/15)

Altars:
Kikubaaqudgha
Yredelemnul

Annotations:
D:2 2 transporters, Menkaure


Innate Abilities, Weirdness & Mutations

You reflexively headbutt those who attack you in melee.
You have a pair of horns on your head.


Message History

The ogre closely misses you.
You barely miss the orc.
The ogre hits you with a cursed -2 giant spiked club!!
The orc hits you but does no damage.
An adder comes into view.
You closely miss the ogre.
The adder hisses angrily.
You headbutt the ogre!
The ogre is heavily wounded.
The orc barely misses you. You furiously retaliate!
You headbutt the orc, but do no damage. You block the ogre's attack.
You hit the ogre but do no damage. You headbutt the ogre.
The ogre is heavily wounded.
You block the orc's attack.
The ogre hits you with a cursed -2 giant spiked club.
Your chain mail prevents you from hitting the ogre.
The ogre is heavily wounded.
The orc hits you with a +0 war axe.
The ogre hits you with a cursed -2 giant spiked club!!
You die...

....
.......
.......
.......
.......#
###.......#
#o.o.S....#
#O##o..###
#.@ooo...#
####.#.#.#
... ##(# ##


You could see an ogre, an orc priest, an adder and 4 orcs.

Vanquished Creatures
  Natasha (thrice) (D:2)
  4 gnolls (D:2)
  3 adders (D:2)
  An ooze (D:1)
  A worm (D:2)
  A dart slug (D:2)
  2 orcs (D:3)
  A ball python (D:2)
  3 giant cockroaches
  4 hobgoblins
  5 jackals
  A kobold (D:1)
  A quokka (D:3)
  4 bats
  4 frilled lizards
  11 goblins
  6 rats
55 creatures vanquished.

Notes
Turn   | Place    | Note
-------+----------+-------------------------------------------
     0 | D:1      | funkygono the Minotaur Fighter began the quest for the Orb.
     0 | D:1      | Reached XP level 1. HP: 19/19 MP: 0/0
   190 | D:1      | Reached XP level 2. HP: 27/27 MP: 1/1
   375 | D:1      | Reached skill level 4 in Shields
   977 | D:2      | Reached XP level 3. HP: 31/33 MP: 2/2
  1174 | D:2      | Found a basalt altar of Yredelemnul.
  1260 | D:2      | Reached XP level 4. HP: 37/40 MP: 3/3
  1641 | D:2      | Found a transporter.
  1650 | D:2      | Identified the ring of Yredelemnul's Reproof {+Fly rC-
                  | Str+5 Slay+4}
  1659 | D:2      | Found a transporter.
  1659 | D:2      | Found an ancient bone altar of Kikubaaqudgha.
  1663 | D:2      | Noticed Menkaure
  1829 | D:2      | Reached skill level 5 in Shields
  1903 | D:2      | Noticed Natasha
  1912 | D:2      | Killed Natasha
  1912 | D:2      | Reached XP level 5. HP: 43/47 MP: 4/4
  2043 | D:2      | Noticed Natasha
  2051 | D:2      | Killed Natasha
  2101 | D:2      | Noticed Natasha
  2108 | D:2      | Killed Natasha
  2202 | D:3      | Noticed an ogre
  2215 | D:3      | Slain by an ogre

Illustrated notes

Levels and vault maps discovered:
D:1:      wander_arrival_desolate, layout_loops_corners, minmay_door_square
D:2:      layout_rooms, gammafunk_temple_of_torment, dk_vineyard_3, uniq_natasha
D:3:      layout_basic, st_stairs_3, okawaru_trees_2

Skill      XL: |  1  2  3  4 |
---------------+-------------+-----
Shields        | 4 5 |  5.2
Fighting       | 4 |  4.6
Armour         | 4 |  4.5
Maces & Flails | 3 |  3.9
Dodging        | |  0.4
Stealth        | |  0.7

Action                   |  1- 3 |  4- 6 || total
-------------------------+-------+-------++-------
Melee: Flail             |    99 |    63 ||   162
       Headbutt          |    12 |    10 ||    22
  Use: Scroll            |     6 |     3 ||     9
       Potion            |       |     1 ||     1
  Eat: Chunk             |     1 |     3 ||     4
Armor: Scale mail        |    18 |       ||    18
       Chain mail        |    44 |    35 ||    79
Dodge: Dodged            |    21 |    18 ||    39
Block: Kite shield       |    58 |    31 ||    89
